 Dungeon Crawl Stone Soup version 0.19-a0-1008-g4c63d25 (webtiles) character file.

1049 mistymad the Skirmisher (level 8, 0/70 HPs)
             Began as a Ghoul Gladiator on July 22, 2016.
             Slain by an orc warrior
             ... wielding a +0 glaive
              (14 damage)
             ... on level 6 of the Dungeon.
             The game lasted 00:08:45 (4069 turns).

mistymad the Skirmisher (Ghoul Gladiator)           Turns: 4069, Time: 00:08:45

Health: 0/70       AC:  9    Str: 26    XL:     8   Next: 25%
Magic:  7/7        EV: 11    Int:  8    God:
Gold:   220        SH:  0    Dex:  9    Spells: 0 memorised, 7 levels left

rFire  . . .     SeeInvis .     a - +0 war axe
rCold  + + .     Gourm    .     s - +0 scale mail
rNeg   + + +     Faith    .     (no shield)
rPois  ∞         Spirit   .     c - +0 helmet
rElec  .         Dismiss  .     (no cloak)
rCorr  .         Reflect  .     j - +0 pair of gloves
SustAt .         Harm     .     (no boots)
MR     .....                    (no amulet)
Stlth  ..........               (no ring)
                                h - ring of protection from cold

@: mighty, brilliant, rotting, not resistant to hostile enchantments, extremely
unstealthy
A: rotting body, claws 1, carnivore 3, cold resistance 1, negative energy
resistance 3, slow regeneration 1, torment resistance, unbreathing
a: no special abilities


You were on level 6 of the Dungeon.
You were not hungry.

You visited 1 branch of the dungeon, and saw 6 of its levels.

You collected 220 gold pieces.

Inventory:

Hand Weapons
 a - a +0 war axe (weapon)
Missiles
 d - 3 throwing nets (quivered)
Armour
 c - a +0 helmet (worn)
 j - a +0 pair of gloves (worn)
 s - a +0 scale mail (worn)
 v - a +0 large shield
Jewellery
 h - a ring of protection from cold (left hand)
Wands
 g - a wand of iceblast (7/15)
Scrolls
 b - a scroll of magic mapping {unknown}
 e - 3 scrolls of teleportation {unknown}
 m - 5 scrolls of remove curse {unknown}
 n - a scroll of random uselessness {unknown}
 o - 5 scrolls of identify {unknown}
 p - a scroll of amnesia {unknown}
 q - 2 scrolls of fog {unknown}
 t - 2 scrolls of enchant weapon {unknown}
Potions
 i - a potion of brilliance
 k - 2 potions of might
 l - a potion of heal wounds
 r - a potion of curing {unknown}
 w - 3 potions of cancellation {unknown}
 z - a potion of agility {unknown}
Comestibles
 f - a meat ration
 u - a slice of pizza
 x - 7 chunks of flesh
 A - a royal jelly


   Skills:
 + Level 5.9 Fighting
 + Level 5.4 Axes
 - Level 1.7 Throwing
 + Level 4.5 Armour
 - Level 2.6 Dodging
 + Level 2.2 Shields


You had 7 spell levels left.
You didn't know any spells.

Dungeon Overview and Level Annotations

Branches:
Dungeon (6/15)
 Temple: D:4-7

Altars:
Kikubaaqudgha
Nemelex Xobeh
Vehumet
Yredelemnul
The Shining One


Innate Abilities, Weirdness & Mutations

Your body is rotting away.
You thrive on raw meat.
You are immune to poison.
You have sharp fingernails.
You are carnivorous and can eat meat at any time.
Your flesh is cold resistant. (rC+)
You are immune to negative energy. (rN+++)
You regenerate slowly when monsters are visible.
You are immune to unholy pain and torment.
You can survive without breathing.


Message History

The orc warrior barely misses you. The giant frog hits you.
* * * LOW HITPOINT WARNING * * *
You take 4 damage, and have 8/70 hp.
It was a potion of brilliance.
You feel clever all of a sudden.
The giant frog hits you but does no damage.
The orc warrior hits you from afar with a glaive.
* * * LOW HITPOINT WARNING * * *
You take 5 damage, and have 3/70 hp.
It was a potion of heal wounds.
You feel much better.
The giant frog hits you but does no damage.
The giant frog barely misses you.
The orc warrior hits you from afar with a glaive!
* * * LOW HITPOINT WARNING * * *
You regained 10 hp, and now have 13/70 hp.
You slice the giant frog!!
You kill the giant frog!
The orc warrior closely misses you.
You closely miss the orc warrior. The orc warrior hits you with a glaive!
You die...

#...##.# #.#
###......#####.#
....#####......#########
.......................#
..#####.#...#..#.#######
..# #.#.###..#.# ..#
#........#)# ..#
###.####.#o# ..#
#...##.#@# ..#
#.#.##.#.# ..#
#.#.##.#†####### ###
#.#............#
#.#............#
#..............#
###.....#####..#
#....##...##.#
##...#.....#.#


You could see an orc warrior.

Vanquished Creatures
  An ice beast (D:6)
  A phantom (D:4)
  An ogre (D:4)
  A giant frog (D:6)
  A scorpion (D:4)
  2 crimson imps (D:5)
  A hound (D:4)
  3 orc wizards
  A quasit (D:5)
  2 orc priests (D:6)
  4 centaur skeletons
  3 worker ants
  A hound zombie (D:5)
  8 adders
  A shadow imp (D:6)
  2 oozes
  3 adder skeletons
  A worm (D:3)
  A dart slug (D:3)
  4 giant geckos
  19 orcs
  7 giant cockroaches
  11 goblins
  4 hobgoblins
  4 jackals
  A quokka (D:2)
  A ball python (D:2)
  7 bats
  7 giant newts
  A jackal skeleton (D:6)
  8 kobolds
  6 rats
118 creatures vanquished.

Vanquished Creatures (others)
  An adder (D:2)
  2 jackals (D:2)
  A bat (D:3)
4 creatures vanquished.

Grand Total: 122 creatures vanquished

Notes
Turn   | Place    | Note
-------+----------+-------------------------------------------
     0 | D:1      | mistymad the Ghoul Gladiator began the quest for the Orb.
     0 | D:1      | Reached XP level 1. HP: 17/17 MP: 0/0
   220 | D:1      | Reached XP level 2. HP: 23/25 MP: 1/1
   535 | D:1      | Reached skill level 1 in Armour
   553 | D:1      | Reached XP level 3. HP: 30/30 MP: 2/2
   706 | D:2      | Found a radiant altar of Vehumet.
   802 | D:2      | Found an ancient bone altar of Kikubaaqudgha.
  1315 | D:2      | Reached XP level 4. HP: 25/38 MP: 3/3
  1404 | D:2      | Found a glowing golden altar of the Shining One.
  1945 | D:3      | Reached XP level 5. HP: 30/46 MP: 4/4
  2143 | D:3      | Found a sparkling altar of Nemelex Xobeh.
  2288 | D:4      | Noticed an ogre
  2294 | D:4      | Killed an ogre
  2294 | D:4      | Reached XP level 6. HP: 26/53 MP: 5/5
  2648 | D:4      | Reached XP level 7. HP: 55/60 MP: 6/6
  2738 | D:4      | Reached skill level 5 in Fighting
  3129 | D:5      | Entered Level 5 of the Dungeon
  3357 | D:5      | Reached skill level 5 in Axes
  3589 | D:5      | Reached skill level 1 in Shields
  3841 | D:6      | Reached XP level 8. HP: 65/70 MP: 7/7
  3969 | D:6      | Found a basalt altar of Yredelemnul.
  4065 | D:6      | HP: 3/70 [orc warrior/glaive (5)]
  4069 | D:6      | Slain by an orc warrior

Vault maps used:
D:1:      tarquinn_simple_flora_water_c
D:2:      marbit_many_paths, nicolae_tso_carved_into_rock, fiery_altar_vehumet
D:3:      nemelex_altar_shiori, first_bread, hangedman_decor_push
D:4:      guppyfry_early_lair_pool
D:6:      lemuel_upstairs_altar, evilmike_ruin_ashenzari, grunt_ministairs_6,
          eino_small_chamber_without_monster, yredelemnul_altar_generic

Skill      XL: |  1  2  3  4  5  6  7  8 |
---------------+-------------------------+-----
Axes           | 3 4 5 |  5.4
Armour         | 1 2 3 4 |  4.5
Fighting       | 3 4 5 |  5.9
Shields        | 1 2 |  2.2
Throwing       | |  1.7
Dodging        | |  2.6

Action                   |  1- 3 |  4- 6 |  7- 9 || total
-------------------------+-------+-------+-------++-------
Melee: War axe           |   167 |   196 |   171 ||   534
  Use: Potion            |       |       |     3 ||     3
  Eat: Chunk             |     8 |    20 |     6 ||    34
Armor: Leather armour    |    58 |     7 |       ||    65
       Scale mail        |       |    94 |   114 ||   208
Dodge: Dodged            |   135 |   123 |   101 ||   359
